 Dungeon Crawl Stone Soup version 0.15.2 (webtiles) character file.

471 kae the Chiller (level 6, -2/41 HPs)
             Began as a Demonspawn Ice Elementalist on Dec 5, 2014.
             Killed by divine providence
             ... invoked by an orc priest
              (16 damage)
             ... on Level 4 of the Dungeon.
             The game lasted 00:06:22 (4411 turns).

kae the Chiller (Demonspawn Ice Elementalist)       Turns: 4411, Time: 00:06:23

HP  -2/41        AC  3     Str  8      XL: 6   Next: 83%
MP  14/14        EV 14     Int 25      God:
Gold 183         SH  0     Dex 13      Spells:  3 memorised,  5 levels left

rFire  . . .     SeeInvis +     k - +1 dagger
rCold  . . .     Clarity  .     a - +1 robe
rNeg   . . .     rCorr    .     (no shield)
rPois  .         rRot     .     (helmet unavailable)
rElec  .         Spirit   .     (no cloak)
SustAb .         Warding  .     (no gloves)
rMut   .         Stasis   .     (no boots)
Gourm  .                        (no amulet)
MR     .....                    w - ring of flight
                                f - +6 ring of intelligence

@: not resistant to hostile enchantments, unstealthy
A: antennae 3, repulsion field 1
a: Evoke Flight


You were on level 4 of the Dungeon.
You were not hungry.

You visited 2 branches of the dungeon, and saw 5 of its levels.
You also visited: Ossuary.

You collected 183 gold pieces.

Inventory:

Hand weapons
 k - a +1 dagger (weapon)
Missiles
 j - 3 tomahawks (quivered)
Armour
 a - a +1 robe (worn)
Comestibles
 c - 2 bread rations
 h - 4 fruits
 i - 3 meat rations
Scrolls
 d - 8 scrolls of remove curse
 q - a scroll of enchant weapon
Jewellery
 f - a +6 ring of intelligence (left hand)
 m - a +4 ring of dexterity {unknown}
 p - an uncursed amulet of the gourmand {unknown}
 w - a ring of flight (right hand)
Potions
 e - a potion of confusion {unknown}
 g - 2 potions of brilliance {unknown}
 n - 3 potions of curing
 o - a potion of heal wounds {unknown}
 r - a potion of resistance {unknown}
 u - a potion of restore abilities {unknown}
Books
 b - a book of Frost

   Spells                             Type                      Level
   *Freeze                            Ice                          1
   *Throw Frost                       Conjuration/Ice              2
   Ozocubu's Armour                   Charms/Ice                   3
   *Throw Icicle                      Conjuration/Ice              4
   Summon Ice Beast                   Ice/Summoning                4
   Condensation Shield                Ice                          4
 l - a book of Necromancy

   Spells                             Type                      Level
   Pain                               Necromancy                   1
   Animate Skeleton                   Necromancy                   1
   Vampiric Draining                  Necromancy                   3
   Regeneration                       Charms/Necromancy            3
   Animate Dead                       Necromancy                   4
   Control Undead                     Necromancy                   4


   Skills:
 - Level 1.7 Dodging
 - Level 1.7 Stealth
 + Level 3.9 Spellcasting
 + Level 2.9 Conjurations
 * Level 5.5 Ice Magic


You had 5 spell levels left.
You knew the following spells:

 Your Spells              Type           Power        Failure   Level  Hunger
a - Freeze                Ice            ####         1%          1    None
b - Throw Frost           Conj/Ice       ####..       2%          2    None
c - Throw Icicle          Conj/Ice       ####....     17%         4    ####...


Dungeon Overview and Level Annotations

Branches:
Dungeon (4/15)             Temple (1/1) D:4

Altars:
Ashenzari
Cheibriados
Dithmenos
Fedhas
Kikubaaqudgha
Makhleb
Okawaru
Qazlal
Sif Muna
Trog
Xom
Yredelemnul
Zin
The Shining One


Innate Abilities, Weirdness & Mutations

You have a pair of large antennae on your head (SInv).
You are surrounded by a mild repulsion field (EV +2).


Message History

You hit the orc.
You kill the orc!
The orc closely misses you. The orc misses you.
You hit the orc but do no damage. The orc barely misses you.
The orc hits you with a dagger.
The orc priest prays to Beogh.
You feel a wave of unholy energy pass over you.
You hit the orc but do no damage. The orc hits you with a dagger.
The orc closely misses you. The orc hits you but does no damage.
You hit the orc.
The orc is lightly wounded.
The orc closely misses you. The orc hits you with a dagger.
The orc closely misses you.
You hit the orc.
The orc is heavily wounded.
The orc hits you but does no damage. The orc hits you with a short sword.
The orc closely misses you.
The orc priest invokes the aid of Beogh against you.
Something smites you!
You die...

*,,,#............'...#..
*,,,#............#...#..
*,,,##...........#...#..
********..,*#..###.############
**,,,,,,*...##..###'############
**,,,***,,..........<...........#
≈≈,,,≈≈*,**..##.................+
≈,,*,,≈*,**+**#...##..###+###..##
,,,,,,,,,**,,##o@.##+####..##..##
,*,_,*,,,+.....oo..+...........).
,,,,,,,,,#......o..#.............
≈,,*,,≈*,#.......(.#.............
≈≈,,,≈≈*,.......#.###.##..###..##
**,,,*****#######.###.##..###..##
***,,,,,* #...........#....W
,,,,,,,,* #.........>.#.....
****,,,** ##..##......#.....


You could see an orc priest and 3 orcs.

Vanquished Creatures
  A sky beast (D:3)
  A scorpion (D:4)
  An orc priest (D:4)
  A hound (D:4)
  A worker ant (D:4)
  2 orc wizards (D:3)
  A hound skeleton (D:4)
  3 gnolls (D:4)
  3 adders
  A worm (D:2)
  A giant gecko (D:2)
  15 orcs
  2 ball pythons
  A bat skeleton (D:4)
  A giant cockroach (D:1)
  11 hobgoblins
  5 jackals
  4 quokkas
  9 bats
  8 giant newts
  9 goblins
  A jackal skeleton (D:4)
  7 kobolds
  13 rats
102 creatures vanquished.

Notes
Turn   | Place    | Note
--------------------------------------------------------------
     0 | D:1      | kae, the Demonspawn Ice Elementalist, began the quest for the Orb.
     0 | D:1      | Reached XP level 1. HP: 13/13 MP: 3/3
   327 | D:1      | Reached skill level 3 in Ice Magic
   410 | D:1      | Gained mutation: You are surrounded by a mild repulsion field (EV +2). [demonic ancestry]
   410 | D:1      | Reached XP level 2. HP: 19/19 MP: 1/4
   813 | D:1      | Learned a level 2 spell: Throw Frost
  1280 | D:2      | Gained mutation: You have a pair of small antennae on your head. [demonic ancestry]
  1280 | D:2      | Reached XP level 3. HP: 24/24 MP: 1/6
  2152 | D:3      | Found a snail-covered altar of Cheibriados.
  2303 | D:3      | Reached XP level 4. HP: 28/30 MP: 5/8
  2305 | D:3      | Reached skill level 4 in Ice Magic
  2578 | D:3      | Noticed a sky beast
  2586 | D:3      | Killed a sky beast
  2586 | D:3      | Gained mutation: You have a pair of antennae on your head. [demonic ancestry]
  2586 | D:3      | Reached XP level 5. HP: 15/35 MP: 3/11
  3106 | D:4      | Gained mutation: You have a pair of large antennae on your head (SInv). [demonic ancestry]
  3106 | D:4      | Reached XP level 6. HP: 39/41 MP: 8/13
  3109 | D:4      | Reached skill level 5 in Ice Magic
  3255 | D:4      | Learned a level 4 spell: Throw Icicle
  3418 | D:4      | Found a sand-covered staircase.
  3535 | D:4      | Found a staircase to the Ecumenical Temple.
  3541 | Temple   | Entered the Ecumenical Temple
  3616 | Ossuary  | Entered an ossuary
  3786 | D:4      | Noticed a phantom
  4411 | D:4      | Killed from afar by an orc priest

Action                   |  1- 3 |  4- 6 || total
-------------------------+-------+-------++-------
Melee: Unarmed           |    18 |       ||    18
       Dagger            |    63 |   114 ||   177
 Cast: Freeze            |    55 |    72 ||   127
       Throw Frost       |     1 |     5 ||     6
       Throw Icicle      |       |     3 ||     3
  Use: Scroll            |       |     9 ||     9
  Eat: Chunk             |     4 |     4 ||     8
       Bread ration      |       |     1 ||     1
